[Event "December 5 Late 2023"]
[Site "https://www.chess.com"]
[Date "2023.12.05"]
[Round "9"]
[White "Xiong, Jeffery"]
[Black "Carlsen, Magnus"]
[Result "0-1"]
[Board "1"]
[TimeControl "180+1"]
[WhiteFideId "2047640"]
[BlackFideId "1503014"]
[WhiteElo "3046"]
[BlackElo "3316"]
[WhiteTeam "USA"]
[BlackTeam "NOR"]
[WhiteClock "0:00:00"]
[BlackClock "0:00:03"]

1. Nf3 Nc6 2. e4 d6 3. d4 Nf6 4. Nc3 g6 5. Be3 Bg7 6. Qd2 O-O 7. O-O-O a6 8. Bh6 b5 9. h4 b4 10. Nd5 Nxe4 11. Qe3 Nf6 12. Bxg7 Kxg7 13. Bc4 h5 14. Rhe1 Na5 15. Nxf6 exf6 16. Bd3 Bg4 17. Qf4 Qd7 18. d5 Rab8 19. Rd2 Rfe8 20. Rxe8 Qxe8 21. Re2 Qd7 22. Re1 Bxf3 23. Qxf3 Nb7 24. Bxa6 Nc5 25. Bc4 Qg4 26. Qxg4 hxg4 27. Re7 Rc8 28. c3 bxc3 29. b4 Na4 30. Bb3 Nb6 31. a4 f5 32. a5 Kf6 33. Re3 Nd7 34. Rxc3 Ke5 35. Re3+ Kd4 36. Kd2 Ne5 37. Rc3 Rb8 38. a6 Ra8 39. b5 Ra7 40. Rxc7 Rxc7 41. b6 Rc3 42. a7 Rxb3 43. a8=Q Nc4+ 44. Ke2 Rb2+ 45. Ke1 Rxb6 46. Qa7 Kd3 47. Qa1 Nd2 48. Qa3+ Rb3 49. Qa6+ Nc4 50. Qa2 Rb2 51. Qa1 f4 52. Qd1+ Nd2 53. Qe2+ Kd4 54. Qxg4 Ne4 55. Qxf4 Rxf2 56. Qg4 Kxd5 57. h5 gxh5 58. Qxh5+ Kd4 59. Qh6 f6 60. g4 d5 61. Qg6 Ke3 62. Qh6+ Rf4 63. Qh3+ Rf3 64. Qh6+ Ng5 65. Qg6 d4 66. Kd1 d3 67. Kc1 Rf1+ 68. Kb2 d2 0-1

[Event "December 5 Late 2023"]
[Site "https://www.chess.com"]
[Date "2023.12.05"]
[Round "9"]
[White "Duda, Jan-Krzysztof"]
[Black "Pranav, V"]
[Result "1-0"]
[Board "2"]
[TimeControl "180+1"]
[WhiteFideId "1170546"]
[BlackFideId "25060783"]
[WhiteElo "3059"]
[BlackElo "3070"]
[WhiteTeam "POL"]
[BlackTeam "IND"]
[WhiteClock "0:00:19"]
[BlackClock "0:00:00"]

1. c4 e5 2. g3 Nf6 3. Bg2 g6 4. Nc3 Bg7 5. Nf3 Nc6 6. O-O O-O 7. d3 d6 8. Rb1 a5 9. a3 Nd4 10. b4 axb4 11. axb4 c6 12. b5 Bd7 13. Be3 Nf5 14. Bg5 h6 15. Bxf6 Bxf6 16. e3 Bg7 17. Nd2 Ne7 18. Qc2 Qc7 19. Nde4 Be6 20. Ra1 f5 21. Nd2 Kh7 22. Qb3 Rfd8 23. Rfb1 Rxa1 24. Rxa1 d5 25. cxd5 cxd5 26. Ne2 Qd7 27. d4 Nc8 28. Qb4 exd4 29. Nxd4 Bxd4 30. Qxd4 Qxb5 31. Rc1 Qd7 32. Nf3 Ne7 33. Qf6 Rg8 34. Ne5 Qd6 35. Nd3 Nc8 36. Rxc8 Rxc8 37. Nf4 1-0

[Event "December 5 Late 2023"]
[Site "https://www.chess.com"]
[Date "2023.12.05"]
[Round "9"]
[White "Andreikin, Dmitry"]
[Black "Deac, Bogdan-Daniel"]
[Result "0-1"]
[Board "3"]
[TimeControl "180+1"]
[WhiteFideId "4158814"]
[BlackFideId "1226380"]
[WhiteElo "3114"]
[BlackElo "3007"]
[WhiteTeam "FID"]
[BlackTeam "ROU"]
[WhiteClock "0:01:14"]
[BlackClock "0:00:17"]

1. Nf3 d5 2. g3 Nf6 3. Bg2 e6 4. O-O Be7 5. d3 O-O 6. a4 Nc6 7. Nbd2 e5 8. e4 dxe4 9. dxe4 Bc5 10. c3 a5 11. Qc2 Qe7 12. Nh4 g6 13. Nb3 Bb6 14. Bg5 Rd8 15. Kh1 h6 16. Bc1 Be6 17. Nd2 Ng4 18. Ndf3 Bc4 19. h3 Bxf1 20. hxg4 Bd3 21. Qd2 Bxe4 22. Qxh6 Qf8 23. Qg5 f6 24. Qxg6+ Bxg6 25. Nxg6 Rd1+ 26. Kh2 Rxc1 27. Nxf8 Rxa1 28. Nd7 Kf7 29. g5 fxg5 30. Ndxe5+ Nxe5 31. Nxe5+ Ke6 0-1

[Event "December 5 Late 2023"]
[Site "https://www.chess.com"]
[Date "2023.12.05"]
[Round "9"]
[White "Henriquez Villagra, Cristobal"]
[Black "Aronian, Levon"]
[Result "0-1"]
[Board "4"]
[TimeControl "180+1"]
[WhiteFideId "3409350"]
[BlackFideId "13300474"]
[WhiteElo "3000"]
[BlackElo "3108"]
[WhiteTeam "CHI"]
[BlackTeam "USA"]
[WhiteClock "0:00:00"]
[BlackClock "0:00:01"]

1. e4 c5 2. Nf3 e6 3. d4 cxd4 4. Nxd4 Nc6 5. Nc3 Qc7 6. f4 a6 7. a3 b5 8. Be3 Bb7 9. Be2 Rc8 10. O-O Bc5 11. Qd2 h5 12. Rad1 Nf6 13. Ndxb5 Bxe3+ 14. Qxe3 axb5 15. Nxb5 Qb8 16. Nd6+ Kf8 17. Nxc8 Qxc8 18. Bf3 Ne7 19. Rd3 Qa8 20. Re1 Rh6 21. f5 Kg8 22. Qc5 exf5 23. exf5 Bxf3 24. Rxf3 Nc6 25. b4 h4 26. h3 Rh5 27. b5 Na5 28. Rc3 Kh7 29. Rf3 Nb7 30. Qb4 Qa7+ 31. b6 Qb8 32. a4 Qa8 33. a5 Qxa5 34. Qxa5 Nxa5 35. Ra1 Nc6 36. b7 Ne4 37. Rb1 Nd2 38. Rfb3 Nxb1 39. Rxb1 Rxf5 0-1

[Event "December 5 Late 2023"]
[Site "https://www.chess.com"]
[Date "2023.12.05"]
[Round "9"]
[White "Drozdowski, Kacper"]
[Black "Oparin, Grigoriy"]
[Result "0-1"]
[Board "5"]
[TimeControl "180+1"]
[WhiteFideId "1136720"]
[BlackFideId "24125890"]
[WhiteElo "2994"]
[BlackElo "3058"]
[WhiteTeam "POL"]
[BlackTeam "USA"]
[WhiteClock "0:00:01"]
[BlackClock "0:00:45"]

1. e4 c6 2. d4 d5 3. Nc3 dxe4 4. Nxe4 Nf6 5. Nxf6+ exf6 6. c3 Bd6 7. Bd3 O-O 8. Qc2 Re8+ 9. Ne2 h5 10. Bd2 Nd7 11. O-O-O Nf8 12. Ng3 h4 13. Nf5 Bxf5 14. Bxf5 g6 15. Bd3 Kg7 16. Kb1 f5 17. g3 Nh7 18. Rhe1 Rxe1 19. Rxe1 a5 20. Qc1 Kg8 21. Bf4 Rc8 22. Bxd6 Qxd6 23. Qh6 c5 24. Bxf5 Rd8 25. Re6 Qf8 26. Qxh4 fxe6 27. Bxg6 Nf6 28. Bd3 cxd4 29. Qg5+ Qg7 30. Qxa5 Rd5 31. Qa8+ Qf8 32. Qxb7 dxc3 33. Bc2 cxb2 34. Qb6 Qd6 35. Qe3 Qe5 36. Qxe5 Rxe5 37. a4 Nd5 38. Kxb2 Nb4 39. Bb1 Re2+ 40. Kc3 Nc6 41. f4 Rxh2 42. Be4 Na7 43. Kd4 Ra2 44. Ke5 Rxa4 45. Bb7 Kf7 46. g4 Ke7 47. g5 Ra5+ 48. Ke4 Nb5 49. Kf3 Nd6 50. Bc6 Nf5 51. Kg4 Ra3 52. Kh5 Kf7 53. Kg4 Kg7 54. Be4 Rg3+ 55. Kh5 Re3 56. Bc2 Rh3+ 57. Kg4 Rg3+ 58. Kh5 Rg2 59. Bb1 Ne3 60. Kh4 Rb2 61. Bd3 Rb3 62. Be4 Rb4 63. Bd3 Rxf4+ 64. Kg3 Rd4 0-1

[Event "December 5 Late 2023"]
[Site "https://www.chess.com"]
[Date "2023.12.05"]
[Round "9"]
[White "Bluebaum, Matthias"]
[Black "Zhigalko, Sergei"]
[Result "1-0"]
[Board "6"]
[TimeControl "180+1"]
[WhiteFideId "24651516"]
[BlackFideId "13502956"]
[WhiteElo "3026"]
[BlackElo "2953"]
[WhiteTeam "GER"]
[BlackTeam "BLR"]
[WhiteClock "0:00:25"]
[BlackClock "0:00:00"]

1. d4 Nf6 2. c4 e6 3. Nc3 Bb4 4. e3 O-O 5. Bd2 b6 6. Nf3 Bb7 7. Bd3 d5 8. cxd5 exd5 9. Rc1 Nbd7 10. O-O Re8 11. Nb5 Bxd2 12. Nxd2 Ba6 13. Nb3 Bxb5 14. Bxb5 Re7 15. Qd3 Nf8 16. Bc6 Rc8 17. Qa6 Ng6 18. Nd2 Nh4 19. g3 Nf5 20. Qxa7 Qd6 21. Nf3 Ng4 22. Qb7 Rd8 23. Bb5 c5 24. Qc6 Qb8 25. Bd3 Nfxe3 26. fxe3 c4 27. Bb1 Re6 28. Qb5 Nxe3 29. Rfe1 g6 30. Re2 Rde8 31. Rce1 Qd6 32. a3 Ng4 33. Qxe8+ Rxe8 34. Rxe8+ Kg7 35. Kg2 Qd7 36. R8e7 Qb5 37. R1e2 c3 38. h3 Nh6 39. Ng5 cxb2 40. Rf2 Qb3 41. Ne6+ 1-0

[Event "December 5 Late 2023"]
[Site "https://www.chess.com"]
[Date "2023.12.05"]
[Round "9"]
[White "Paravyan, David"]
[Black "Miladinovic, Igor"]
[Result "0-1"]
[Board "7"]
[TimeControl "180+1"]
[WhiteFideId "4194985"]
[BlackFideId "4203380"]
[WhiteElo "3012"]
[BlackElo "2848"]
[WhiteTeam "FID"]
[BlackTeam "SRB"]
[WhiteClock "0:00:01"]
[BlackClock "0:00:45"]

1. e4 c5 2. Nf3 Nc6 3. Bb5 e6 4. O-O Nge7 5. Re1 a6 6. Bf1 b5 7. a4 b4 8. c3 Ng6 9. d4 bxc3 10. bxc3 cxd4 11. cxd4 Nb4 12. Bg5 Be7 13. Bxe7 Qxe7 14. Qd2 O-O 15. h4 f5 16. d5 fxe4 17. Rxe4 Nxd5 18. h5 Ngf4 19. g3 Qf6 20. Ra3 Nxh5 21. Re5 Rb8 22. Rxh5 Rxb1 23. Kg2 Rb2 24. Qd3 g6 25. Rxd5 exd5 26. Rb3 Rxb3 27. Qxb3 Kg7 28. Be2 d4 29. Qd5 d6 30. Bc4 Qxf3+ 31. Qxf3 Bh3+ 0-1

[Event "December 5 Late 2023"]
[Site "https://www.chess.com"]
[Date "2023.12.05"]
[Round "9"]
[White "Sattarov, Bobir"]
[Black "Nakamura, Hikaru"]
[Result "0-1"]
[Board "8"]
[TimeControl "180+1"]
[WhiteFideId "14203081"]
[BlackFideId "2016192"]
[WhiteElo "2765"]
[BlackElo "3223"]
[WhiteTeam "UZB"]
[BlackTeam "USA"]
[WhiteClock "0:00:00"]
[BlackClock "0:00:29"]

1. e4 g6 2. d4 Bg7 3. Nc3 a6 4. f4 d6 5. Nf3 Bg4 6. Be3 Nc6 7. Be2 e6 8. O-O Nge7 9. Qd2 d5 10. e5 Nf5 11. Bf2 Bxf3 12. Bxf3 h5 13. g3 Na5 14. b3 b6 15. Nd1 Rc8 16. Ne3 Nxe3 17. Bxe3 c5 18. c4 dxc4 19. d5 cxb3 20. d6 O-O 21. Qe2 b2 22. Rad1 b5 23. Qxb2 Nc4 24. Qe2 Nxe3 25. Qxe3 c4 26. Kg2 c3 27. Be4 Qa5 28. Rf2 b4 29. Bc2 Qc5 30. Qe4 a5 31. Ba4 Qc4 32. Rd4 Qc5 33. h3 Rcd8 34. g4 f5 35. exf6 Rxf6 36. d7 g5 37. f5 hxg4 38. hxg4 Rh6 39. f6 Bxf6 40. Qxe6+ Kg7 41. Qd5 Qxd4 42. Qxd4 Bxd4 43. Re2 Rd6 0-1

[Event "December 5 Late 2023"]
[Site "https://www.chess.com"]
[Date "2023.12.05"]
[Round "9"]
[White "Naroditsky, Daniel"]
[Black "Maksimovic, Bojan"]
[Result "0-1"]
[Board "9"]
[TimeControl "180+1"]
[WhiteFideId "2026961"]
[BlackFideId "14408120"]
[WhiteElo "3161"]
[BlackElo "2922"]
[WhiteTeam "USA"]
[BlackTeam "BIH"]
[WhiteClock "0:00:01"]
[BlackClock "0:00:36"]

1. d4 a6 2. e4 e6 3. Nf3 d5 4. Nbd2 c5 5. dxc5 Bxc5 6. Bd3 Nc6 7. O-O Nf6 8. e5 Ng4 9. Nb3 Ba7 10. Bf4 Qc7 11. h3 Ngxe5 12. Nxe5 Nxe5 13. Qh5 Bb8 14. Kh1 g6 15. Qe2 f6 16. Bg3 O-O 17. Rae1 Bd7 18. f4 Nxd3 19. cxd3 Qd6 20. Nd4 Ba7 21. Nf3 Rae8 22. Bh2 Qb4 23. a3 Qb3 24. Bg1 Bb8 25. Bc5 Rf7 26. Nd4 Qa4 27. Bb4 Bc8 28. f5 e5 29. Qg4 exd4 30. Qh4 Bxf5 31. Qxd4 Qd7 32. g4 Be6 33. Rxf6 Rxf6 34. Qxf6 d4 35. Rf1 Qf7 36. Kg1 Qxf6 37. Rxf6 Be5 38. Rf1 Bd5 39. Bd2 Bc6 40. Bh6 Bg7 41. Bxg7 Kxg7 42. Rf4 Re2 43. Rxd4 Rxb2 44. h4 Ra2 45. h5 gxh5 46. gxh5 Rxa3 47. Rg4+ Kh6 48. d4 Kxh5 49. Rg7 Kh6 50. Rg8 Rd3 51. d5 Rxd5 52. Kh2 Rh5+ 53. Kg3 Rg5+ 54. Kh4 Rxg8 0-1

[Event "December 5 Late 2023"]
[Site "https://www.chess.com"]
[Date "2023.12.05"]
[Round "9"]
[White "Rasulov, Vugar"]
[Black "Firouzja, Alireza"]
[Result "0-1"]
[Board "10"]
[TimeControl "180+1"]
[WhiteFideId "13402390"]
[BlackFideId "12573981"]
[WhiteElo "2915"]
[BlackElo "3151"]
[WhiteTeam "AZE"]
[BlackTeam "FRA"]
[WhiteClock "0:00:17"]
[BlackClock "0:02:13"]

1. e4 c5 2. Nf3 Nc6 3. Bb5 g6 4. O-O Bg7 5. Re1 e5 6. b4 Nxb4 7. Bb2 a6 8. Bc4 d6 9. c3 Nc6 10. d4 Nge7 11. dxc5 dxc5 12. Qxd8+ Nxd8 13. Ba3 b6 14. Nbd2 Bb7 15. Rab1 b5 16. Bxc5 bxc4 17. Nxc4 Nc8 18. Nfxe5 Bc6 19. f4 Bb5 20. Na3 Ne6 21. Be3 Nd6 22. Red1 Bxe5 23. fxe5 Nxe4 24. c4 Ba4 25. Rd5 O-O 0-1

[Event "December 5 Late 2023"]
[Site "https://www.chess.com"]
[Date "2023.12.05"]
[Round "9"]
[White "Ashraf, Artin"]
[Black "Erigaisi Arjun"]
[Result "0-1"]
[Board "11"]
[TimeControl "180+1"]
[WhiteFideId "22514805"]
[BlackFideId "35009192"]
[WhiteElo "2891"]
[BlackElo "3098"]
[WhiteTeam "IRI"]
[BlackTeam "IND"]
[WhiteClock "0:00:12"]
[BlackClock "0:02:08"]

1. d4 g6 2. c4 d6 3. e4 Bg7 4. Nf3 e5 5. Nc3 Ne7 6. d5 a5 7. Be2 O-O 8. h4 f5 9. h5 f4 10. hxg6 hxg6 11. Ng5 Na6 12. Bg4 Nc5 13. Bxc8 Qxc8 14. b3 Bf6 15. Nh7 Rf7 16. Nxf6+ Rxf6 17. Ba3 b6 18. Qf3 Kg7 19. O-O-O Qd7 20. Bxc5 bxc5 21. Qh3 Qxh3 22. Rxh3 Rh8 23. Rxh8 Kxh8 24. Nb5 g5 25. Rh1+ Kg8 26. Nxc7 g4 27. Kb2 Rf7 28. Ne8 Nc8 29. Rh6 g3 30. fxg3 fxg3 31. Nxd6 Rf2+ 32. Ka3 Kg7 33. Nf5+ Rxf5 34. exf5 Kxh6 35. Ka4 e4 36. Kxa5 e3 37. d6 Nxd6 0-1

[Event "December 5 Late 2023"]
[Site "https://www.chess.com"]
[Date "2023.12.05"]
[Round "9"]
[White "Nepomniachtchi, Ian"]
[Black "Demchenko, Anton"]
[Result "1-0"]
[Board "12"]
[TimeControl "180+1"]
[WhiteFideId "4168119"]
[BlackFideId "4160258"]
[WhiteElo "3096"]
[BlackElo "2894"]
[WhiteTeam "RUS"]
[BlackTeam "SLO"]
[WhiteClock "0:01:52"]
[BlackClock "0:00:00"]

1. e4 e5 2. f4 exf4 3. Nf3 d6 4. Bc4 h6 5. h4 Nf6 6. Nc3 Bg4 7. d4 Nh5 8. Qd3 Nc6 9. a3 Be7 10. Bd2 Bxf3 11. gxf3 Bxh4+ 12. Kd1 Ng3 13. Rh2 g5 14. Nd5 Kf8 15. Bc3 Nh5 16. b4 a6 17. Kc1 Nf6 18. Kb2 Nxd5 19. Bxd5 Ne7 20. Bb3 d5 21. Rah1 c6 22. Bd2 Ng6 23. c4 dxe4 24. fxe4 Qe7 25. Bc3 Rd8 26. c5 Kg7 27. d5+ f6 28. d6 Qe8 29. Rxh4 Nxh4 30. e5 fxe5 31. Rxh4 gxh4 32. Qf5 1-0

[Event "December 5 Late 2023"]
[Site "https://www.chess.com"]
[Date "2023.12.05"]
[Round "9"]
[White "Sarana, Alexey"]
[Black "Gokerkan, Cem Kaan"]
[Result "1-0"]
[Board "13"]
[TimeControl "180+1"]
[WhiteFideId "24133795"]
[BlackFideId "6336760"]
[WhiteElo "3012"]
[BlackElo "2874"]
[WhiteTeam "SRB"]
[BlackTeam "TUR"]
[WhiteClock "0:01:02"]
[BlackClock "0:00:34"]

1. d4 Nf6 2. c4 e6 3. Nc3 Bb4 4. e3 O-O 5. Bd3 d5 6. a3 Bxc3+ 7. bxc3 dxc4 8. Bxc4 c5 9. Ne2 Qc7 10. Ba2 Nc6 11. O-O Rd8 12. Ng3 e5 13. d5 e4 14. c4 Ne5 15. Bb2 Re8 16. Qc2 Neg4 17. Rad1 Qd6 18. Qc3 h5 19. h3 Ne5 20. Bb1 Bxh3 21. gxh3 h4 22. Nxe4 Nf3+ 23. Kg2 Rxe4 24. Kxf3 Re7 25. Rg1 Kf8 26. Rxg7 Kxg7 27. Rg1+ Kf8 28. Qxf6 Qxf6+ 29. Bxf6 1-0

[Event "December 5 Late 2023"]
[Site "https://www.chess.com"]
[Date "2023.12.05"]
[Round "9"]
[White "Bok, Benjamin"]
[Black "Kazakouski, Valery"]
[Result "1-0"]
[Board "14"]
[TimeControl "180+1"]
[WhiteFideId "1017063"]
[BlackFideId "13507443"]
[WhiteElo "2990"]
[BlackElo "2853"]
[WhiteTeam "NED"]
[BlackTeam "LTU"]
[WhiteClock "0:00:04"]
[BlackClock "0:00:02"]

1. d4 Nf6 2. c4 c6 3. Nf3 d5 4. cxd5 cxd5 5. Nc3 Nc6 6. Bf4 Bf5 7. e3 a6 8. Rc1 e6 9. Qb3 Bd6 10. Qxb7 Na5 11. Qxa8 Qxa8 12. Bxd6 Nc4 13. Bxc4 dxc4 14. O-O Ne4 15. Ba3 f6 16. Nxe4 Bxe4 17. Ne1 Kf7 18. f3 Bg6 19. Rxc4 Rc8 20. Bc5 e5 21. Rc3 exd4 22. exd4 Re8 23. Nc2 Re2 24. Ne3 Rxb2 25. d5 Rd2 26. Re1 h5 27. h3 Qb8 28. d6 Qb2 29. Rcc1 Qxa2 30. Rcd1 Bf5 31. Rxd2 Qxd2 32. Rd1 Qc3 33. d7 Bxd7 34. Rxd7+ Kg6 35. Bd4 Qc6 36. Ra7 Qd6 37. Rxg7+ 1-0

[Event "December 5 Late 2023"]
[Site "https://www.chess.com"]
[Date "2023.12.05"]
[Round "9"]
[White "Rustemov, Alexander"]
[Black "Martinez Alcantara, Jose Eduardo"]
[Result "0-1"]
[Board "15"]
[TimeControl "180+1"]
[WhiteFideId "4119002"]
[BlackFideId "3805662"]
[WhiteElo "2839"]
[BlackElo "2984"]
[WhiteTeam "RUS"]
[BlackTeam "PER"]
[WhiteClock "0:00:03"]
[BlackClock "0:00:28"]

1. d4 Nf6 2. c4 e6 3. Nf3 Bb4+ 4. Bd2 c5 5. Bxb4 cxb4 6. g3 b6 7. Bg2 Bb7 8. O-O a5 9. Qd3 O-O 10. Nbd2 d6 11. e4 Nc6 12. a3 e5 13. d5 Nb8 14. axb4 axb4 15. Rxa8 Bxa8 16. Ra1 Bb7 17. Ne1 Nfd7 18. Qe3 Na6 19. Nd3 Ndc5 20. Nxc5 bxc5 21. Bh3 Nc7 22. Nf3 Bc8 23. Bxc8 Qxc8 24. Kg2 Ne8 25. Nh4 g6 26. Qg5 f6 27. Qh6 Qb7 28. b3 Ng7 29. f4 exf4 30. gxf4 Qe7 31. Re1 Ra8 32. Nf3 Ra3 33. e5 Ra2+ 34. Kh1 Nf5 35. Qh3 fxe5 36. fxe5 dxe5 37. Rxe5 Qf6 38. Qg4 Ra1+ 39. Kg2 Qxe5 40. Nxe5 Ne3+ 41. Kf3 Nxg4 42. Kxg4 Rb1 43. Kg5 Rxb3 44. Kf6 Rb1 45. d6 Rd1 46. Ke7 b3 47. Nd7 b2 48. Nf6+ Kg7 49. Nd5 b1=Q 50. d7 Qe4+ 51. Kd6 Qh4 0-1

[Event "December 5 Late 2023"]
[Site "https://www.chess.com"]
[Date "2023.12.05"]
[Round "9"]
[White "Apoorv Kamble"]
[Black "Terry, Renato"]
[Result "0-1"]
[Board "16"]
[TimeControl "180+1"]
[WhiteFideId "25683012"]
[BlackFideId "3803457"]
[WhiteElo "2679"]
[BlackElo "2982"]
[WhiteTeam "IND"]
[BlackTeam "PER"]
[WhiteClock "0:00:00"]
[BlackClock "0:00:25"]

1. e4 e6 2. d4 d5 3. Nd2 Be7 4. Ngf3 Nf6 5. e5 Nfd7 6. Bd3 c5 7. c3 Nc6 8. O-O g5 9. h3 h5 10. Re1 g4 11. hxg4 hxg4 12. Nh2 g3 13. Nhf3 Qb6 14. c4 Nxd4 15. Nxd4 cxd4 16. cxd5 gxf2+ 17. Kxf2 exd5 18. e6 fxe6 19. Nf3 e5 20. Rh1 Rf8 21. Rh6 Nf6 22. Bg6+ Kd8 23. Kg3 Ng4 24. Qh1 e4 25. Ng5 Qd6+ 26. Kh4 Nxh6 27. Kh5 Rh8 28. Nh7 Bf5 0-1

[Event "December 5 Late 2023"]
[Site "https://www.chess.com"]
[Date "2023.12.05"]
[Round "9"]
[White "Svane, Rasmus"]
[Black "Dmitrenko, Viktor"]
[Result "1-0"]
[Board "17"]
[TimeControl "180+1"]
[WhiteFideId "4657101"]
[BlackFideId "14110270"]
[WhiteElo "2934"]
[BlackElo "2467"]
[WhiteTeam "GER"]
[BlackTeam "UKR"]
[WhiteClock "0:00:28"]
[BlackClock "0:00:00"]

1. Nf3 e6 2. g3 d5 3. Bg2 Nf6 4. O-O Be7 5. c4 O-O 6. b3 c5 7. cxd5 exd5 8. d4 Nc6 9. Bb2 Bg4 10. Ne5 cxd4 11. Nxc6 bxc6 12. Qxd4 Bxe2 13. Re1 Ba6 14. Nc3 c5 15. Qa4 Bb7 16. Rad1 Re8 17. Nxd5 Nxd5 18. Qc4 Bf6 19. Rxe8+ Qxe8 20. Bxf6 Nxf6 21. Bxb7 Rb8 22. Bf3 Qe7 23. Rc1 Rc8 24. Kg2 h5 25. b4 Nd7 26. Bxh5 Ne5 27. Qd5 Qg5 28. Rxc5 Rxc5 29. bxc5 Qxh5 30. c6 1-0

[Event "December 5 Late 2023"]
[Site "https://www.chess.com"]
[Date "2023.12.05"]
[Round "9"]
[White "Cieslak, Patryk"]
[Black "Bortnyk, Olexandr"]
[Result "1-0"]
[Board "18"]
[TimeControl "180+1"]
[WhiteFideId "21078882"]
[BlackFideId "14120828"]
[WhiteElo "2666"]
[BlackElo "3066"]
[WhiteTeam "POL"]
[BlackTeam "UKR"]
[WhiteClock "0:00:12"]
[BlackClock "0:00:52"]

1. e4 Nf6 2. e5 Nd5 3. d4 d6 4. Nf3 dxe5 5. Nxe5 c6 6. Be2 Bf5 7. Nf3 Nd7 8. O-O e6 9. c4 N5f6 10. Nc3 Bd6 11. h3 O-O 12. Be3 h6 13. Bd3 Bxd3 14. Qxd3 Qc7 15. a3 Rfe8 16. Rfe1 e5 17. dxe5 Nxe5 18. Nxe5 Bxe5 19. Rad1 Rad8 20. Qc2 Rxd1 21. Rxd1 a6 22. Kf1 Bxc3 23. Qxc3 Qh2 24. f3 Qh1+ 25. Bg1 Nh5 26. Re1 Rxe1+ 27. Qxe1 Kh7 28. Qe4+ g6 29. Kf2 Kg7 30. Qe5+ Kg8 31. Qb8+ Kg7 32. Qe5+ Kg8 33. c5 a5 34. b3 g5 35. Qe8+ Kg7 36. Qe5+ Kg6 37. Qe4+ Kf6 38. Qd4+ Kg6 39. Qe4+ Kg7 40. Qd4+ Kg8 41. Qd8+ Kh7 42. Qd3+ Kh8 43. Qd8+ Kg7 44. Qd4+ f6 45. Qd7+ Kf8 46. Qd8+ Kf7 47. Qd7+ Kf8 48. Qd8+ Kg7 49. Qe7+ Kh8 50. Qf8+ Kh7 51. Qf7+ Ng7 52. Qxf6 Nh5 53. Qf7+ Ng7 54. Qxb7 h5 55. Qxc6 g4 56. Qe4+ Kh6 57. fxg4 hxg4 58. Qxg4 a4 59. bxa4 Nh5 60. Qe6+ Kg5 61. Qe5+ Kg6 62. Qh2 Qxh2 63. Bxh2 Nf6 64. Bd6 Kf5 65. Kf3 Ke6 66. g4 Nd5 67. h4 Nc3 68. h5 Nxa4 69. h6 Kf6 70. g5+ Kg6 71. c6 Nb6 72. c7 Nc8 73. Bf4 Ne7 74. a4 Nc8 75. a5 Na7 76. a6 Nc8 77. Be3 Nd6 78. a7 Nf5 79. a8=Q Kh7 80. Qe4 Kg6 81. Kg4 Kf7 82. Qxf5+ 1-0

[Event "December 5 Late 2023"]
[Site "https://www.chess.com"]
[Date "2023.12.05"]
[Round "9"]
[White "Kamsky, Gata"]
[Black "Bolourchifard, Farzad"]
[Result "1/2-1/2"]
[Board "19"]
[TimeControl "180+1"]
[WhiteFideId "2000024"]
[BlackFideId "12510084"]
[WhiteElo "2922"]
[BlackElo "2713"]
[WhiteTeam "USA"]
[BlackTeam "IRI"]
[WhiteClock "0:00:18"]
[BlackClock "0:00:07"]

1. e4 e5 2. Nf3 Nc6 3. Bb5 a6 4. Ba4 d6 5. c3 Bd7 6. d4 Nf6 7. O-O g6 8. dxe5 Nxe5 9. Nxe5 dxe5 10. Bg5 Bg7 11. Nd2 O-O 12. Bxd7 Qxd7 13. Bxf6 Bxf6 14. Qe2 Rfd8 15. Rfd1 Qe6 16. a4 a5 17. Nc4 b6 18. Ne3 Rxd1+ 19. Rxd1 Rd8 20. Rxd8+ Bxd8 21. Qd3 Be7 22. Nd5 Qd6 23. Qc4 Bd8 24. Qe2 Kg7 25. g3 Qd7 26. b3 c6 27. Ne3 b5 28. Kg2 h5 29. Qd1 Qe7 30. Qd3 Bb6 31. axb5 cxb5 32. Qxb5 Bxe3 33. fxe3 Qc7 34. c4 f6 35. Kf2 Kh6 36. c5 Qd8 37. Ke2 Qc8 38. c6 Qg4+ 39. Kf2 Qd1 40. Qd5 Qc2+ 41. Ke1 Qc1+ 42. Ke2 Qc2+ 43. Ke1 Qc1+ 44. Ke2 Qc2+ 45. Ke1 1/2-1/2

[Event "December 5 Late 2023"]
[Site "https://www.chess.com"]
[Date "2023.12.05"]
[Round "9"]
[White "Shuvalova, Polina"]
[Black "Zavgorodniy, Sergiy"]
[Result "1/2-1/2"]
[Board "20"]
[TimeControl "180+1"]
[WhiteFideId "24171760"]
[BlackFideId "14110148"]
[WhiteElo "2837"]
[BlackElo "2668"]
[WhiteTeam "RUS"]
[BlackTeam "UKR"]
[WhiteClock "0:00:40"]
[BlackClock "0:00:34"]

1. e4 c6 2. d4 d5 3. exd5 cxd5 4. Bd3 Nc6 5. c3 Qc7 6. Ne2 Bg4 7. O-O Nf6 8. Qe1 Bh5 9. Nf4 e6 10. Nxh5 Nxh5 11. g3 Bd6 12. Be3 Nf6 13. Nd2 h5 14. Bg5 Nh7 15. Be3 Nf6 16. Kg2 g6 17. Rc1 Kf8 18. c4 dxc4 19. Nxc4 Be7 20. Ne5 Rc8 21. Bxg6 fxg6 22. Nxg6+ Kf7 23. Nxh8+ Rxh8 24. Qe2 h4 25. Qf3 h3+ 26. Kg1 Ke8 27. Rfe1 Nd5 28. Qe4 Kd7 29. Bg5 Qd6 30. Bxe7 Ncxe7 31. Rc2 Nf5 32. Rce2 Rh6 33. Qg4 Nf6 34. Qg5 Qd5 35. f4 Qxd4+ 36. Kh1 Qd5+ 37. Kg1 Qd4+ 38. Kh1 Qd5+ 39. Kg1 Qd4+ 1/2-1/2

[Event "December 5 Late 2023"]
[Site "https://www.chess.com"]
[Date "2023.12.05"]
[Round "9"]
[White "Mendes Aaron Reeve"]
[Black "Korchmar, Vasiliy"]
[Result "1/2-1/2"]
[Board "21"]
[TimeControl "180+1"]
[WhiteFideId "25954938"]
[BlackFideId "24131750"]
[WhiteElo "2650"]
[BlackElo "2810"]
[WhiteTeam "CAN"]
[BlackTeam "RUS"]
[WhiteClock "0:00:15"]
[BlackClock "0:00:19"]

1. e4 c5 2. Nf3 d6 3. Bb5+ Bd7 4. Bxd7+ Nxd7 5. O-O Ngf6 6. Re1 e6 7. b3 g6 8. Bb2 Bg7 9. c4 O-O 10. d4 cxd4 11. Nxd4 d5 12. cxd5 exd5 13. e5 Ne4 14. f3 Nec5 15. f4 Ne4 16. Nd2 Ndc5 17. Ba3 Qb6 18. Nxe4 Nxe4 19. Bxf8 Bxf8 20. Qd3 Rc8 21. Rac1 Bc5 22. Rcd1 Qb4 23. g4 Bb6 24. Kg2 Rc3 25. Qb5 Rc2+ 26. Kh3 Qc3+ 27. Rd3 Nf2+ 28. Kh4 Nxd3 29. Qe8+ Kg7 30. Ne6+ fxe6 31. Qe7+ Kg8 32. Qe8+ Kg7 33. Qe7+ Kg8 34. Qe8+ Kg7 1/2-1/2

[Event "December 5 Late 2023"]
[Site "https://www.chess.com"]
[Date "2023.12.05"]
[Round "9"]
[White "Brodsky, David"]
[Black "Prithu Gupta"]
[Result "1-0"]
[Board "22"]
[TimeControl "180+1"]
[WhiteFideId "2073250"]
[BlackFideId "46618546"]
[WhiteElo "2789"]
[BlackElo "2566"]
[WhiteTeam "USA"]
[BlackTeam "IND"]
[WhiteClock "0:00:11"]
[BlackClock "0:00:00"]

1. e4 e5 2. Nf3 Nc6 3. Bb5 g6 4. d4 exd4 5. Bg5 Be7 6. Bxe7 Qxe7 7. O-O Nf6 8. e5 Ne4 9. Re1 Nc5 10. c3 d3 11. b4 Ne6 12. Qxd3 O-O 13. Nbd2 f6 14. exf6 Qxf6 15. Ne4 Qg7 16. Bc4 Kh8 17. Bxe6 dxe6 18. Neg5 e5 19. b5 Bf5 20. Qe3 Na5 21. Qxe5 Qxe5 22. Nxe5 h6 23. Ne6 Rfc8 24. g4 Bxe6 25. Nxg6+ Kg7 26. Rxe6 c6 27. bxc6 Rxc6 28. Nf4 Rac8 29. Rd1 Rxe6 30. Nxe6+ Kf6 31. Nf4 Kg5 32. Rd5+ Kxf4 33. Rxa5 a6 34. h3 Rxc3 35. Kg2 Rc2 36. a4 Ra2 37. Rf5+ Ke4 38. a5 1-0

[Event "December 5 Late 2023"]
[Site "https://www.chess.com"]
[Date "2023.12.05"]
[Round "9"]
[White "Urazayev, Arystanbek"]
[Black "Wanyama, Harold"]
[Result "1-0"]
[Board "23"]
[TimeControl "180+1"]
[WhiteFideId "13709810"]
[BlackFideId "10000380"]
[WhiteElo "2780"]
[BlackElo "2499"]
[WhiteTeam "KAZ"]
[BlackTeam "UGA"]
[WhiteClock "0:01:19"]
[BlackClock "0:00:00"]

1. d4 d5 2. c4 e6 3. Nc3 Be7 4. Nf3 Nf6 5. Bf4 O-O 6. a3 b6 7. cxd5 exd5 8. e3 Bb7 9. Bd3 a6 10. Ne5 c5 11. O-O Nbd7 12. Qf3 c4 13. Bf5 b5 14. Nxd7 Nxd7 15. Nxd5 Nb6 16. Nxe7+ Qxe7 17. Qg3 Qf6 18. Be5 Qh6 19. e4 Bc8 20. Bxc8 Raxc8 21. Rad1 Rfe8 22. Rfe1 Na4 23. d5 Rcd8 24. Bd4 Qg6 25. Qxg6 hxg6 26. f3 f5 27. Kf2 Kf7 28. h4 Rc8 29. d6 Rcd8 30. e5 Ke6 31. Kg3 Rd7 32. Kf4 Rh8 33. Rh1 Rc8 34. Kg5 Nc5 35. Bxc5 Rxc5 36. f4 c3 37. bxc3 Rxc3 38. Rh3 Rc2 39. Rg3 1-0